 Dungeon Crawl Stone Soup version 0.29.1-13-g9f3cf754e1 (webtiles) character file.

Game seed: 14842888822883933561

483 croobank the Covert (level 7, -2/49 HPs)
             Began as an Octopode Delver on Feb 7, 2023.
             Slain by an iguana (13 damage)
             ... on level 6 of the Dungeon.
             The game lasted 00:08:04 (6164 turns).

croobank the Covert (Octopode Delver)               Turns: 6164, Time: 00:08:04

Health: -2/49      AC:  1    Str: 12    XL:     7   Next: 12%
Magic:  7/7        EV: 14    Int: 14    God:
Gold:   256        SH:  0    Dex: 13    Spells: 6/6 levels left

rFire   . . .      SeeInvis .   a - +0 hand axe
rCold   . . .      Faith    .   (no shield)
rNeg    . . .      Spirit   .   (helmet restricted)
rPois   .          Reflect  .   (no amulet)
rElec   .          Harm     .   (no ring)
rCorr   .          Rampage  .   (no ring)
Will    .....                   (no ring)
Stlth   +++++.....              (no ring)
HPRegen 0.16/turn               (no ring)
MPRegen 0.10/turn               (no ring)
                                (no ring)
                                (no ring)

@: no status effects
A: almost no armour, amphibious, 8 rings, camouflage 1, gelatinous body 1,
(nimble swimmer 1), tentacles
a: no special abilities


You were on level 6 of the Dungeon.
You visited 2 branches of the dungeon, and saw 7 of its levels.

You collected 256 gold pieces.

Inventory:

Hand Weapons
 a - a +0 hand axe (weapon)
 e - a +0 flail
 l - a +0 short sword
 t - a +0 long sword
 u - a +0 sling
 y - a +0 rapier
Missiles
 q - 3 javelins (quivered)
 x - a boomerang
Wands
 f - a wand of digging (2)
 v - a wand of flame (26)
Scrolls
 b - a scroll of fog
 c - 2 scrolls of teleportation
 d - 4 scrolls of fear
 k - a scroll of torment {unknown}
 m - a scroll of enchant armour
 n - a scroll of magic mapping
 s - a scroll of butterflies
 z - 2 scrolls of blinking
Potions
 g - 3 potions of curing
 h - a potion of lignification
 i - a potion of mutation
 j - a potion of degeneration
 o - a potion of magic
 p - a potion of flight
 r - a potion of berserk rage {unknown}
 w - a potion of attraction {unknown}


   Skills:
 + Level 4.6 Fighting
 + Level 4.1 Axes
 + Level 4.0 Dodging
 + Level 8.4 Stealth


You had 6 spell levels left.
You didn't know any spells.
Your spell library contained the following spells:

 Spells                   Type           Power      Damage    Failure   Level
 Gell's Gravitas          Tloc           0%         N/A       65%         3
 Lesser Beckoning         Tloc           0%         N/A       65%         3
 Teleport Other           Tloc           0%         N/A       65%         3


Dungeon Overview and Level Annotations

Branches:
Dungeon (6/15)             Temple (1/1) D:4

Altars:
Gozag
Kikubaaqudgha
Ru
Sif Muna
Vehumet

Annotations:
D:3 2 runed translucent doors, purpskrrrp's ghost, amateur GrFi


Innate Abilities, Weirdness & Mutations

You cannot wear most types of armour.
You are amphibious.
You can wear up to eight rings at the same time.
Your skin changes colour to match your surroundings (Stealth+).
Your rubbery body absorbs attacks. (AC +1, EV +1)
((You are camouflaged when in or above water. (Stealth+)))
You have tentacles for arms and can constrict up to eight enemies at once.


Message History

You hit the scorpion but do no damage. You squeeze the scorpion.
The scorpion is almost dead.
You constrict the scorpion.
You kill the scorpion!
You feel sick.
Your Axes skill increases to level 4!
Your Dodging skill increases to level 4!
You have reached level 7!
You start resting.
You feel sick.
You are no longer poisoned.
You start resting.
HP restored.
An ice beast comes into view.
You open the door.
There is an open door here.
An iguana comes into view.
The iguana hisses angrily.
You hit the iguana. Your grab misses the iguana.
The iguana is lightly wounded.
The iguana misses you.
You hit the iguana but do no damage. Your grab misses the iguana.
The iguana is lightly wounded.
The iguana bites you!
You hit the iguana but do no damage. You grab the iguana.
The iguana is lightly wounded.
You constrict the iguana. The iguana bites you.
You hit the iguana but do no damage.
The iguana is moderately wounded.
You constrict the iguana, but do no damage.
The iguana closely misses you.
You hit the iguana but do no damage. You squeeze the iguana.
The iguana is moderately wounded.
You constrict the iguana, but do no damage.
The iguana bites you.
You hit the iguana but do no damage.
The iguana is moderately wounded.
You constrict the iguana. The iguana bites you!
* * * LOW HITPOINT WARNING * * *
The iguana bites you!
You die...

#. ..# # #.# #.####.##
....#...### #.......##
#......#### #
#.####........#
#.####..l@..#...##.# ###
...######.##.#.... ..#
##.######'#### #.# #.#
#.....##...## #.# #.#
###..##.#.....##.#.###.#
##.#..##........#.#..#..#
##.....##..........##....###
#.......+...................
##....###.........###....###


You could see an iguana.

Vanquished Creatures
  A black bear (D:4)
  A scorpion (D:6)
  3 hounds (D:4)
  2 iguanas
  4 gnolls
  5 adders
  2 white imps (D:5)
  An ufetubus (D:4)
  2 dart slugs (D:4)
  9 orcs
  5 ball pythons
  3 endoplasms
  7 goblins
  6 hobgoblins
  7 jackals
  10 kobolds
  2 quokkas
  5 bats
  5 frilled lizards
  5 rats
85 creatures vanquished.

Notes
Turn   | Place    | Note
-------+----------+-------------------------------------------
     0 | D:5      | croobank the Octopode Delver began the quest for the Orb.
     0 | D:5      | Reached XP level 1. HP: 16/16 MP: 1/1
    54 | D:6      | Noticed a jelly
    62 | D:6      | Noticed an orc wizard
   295 | D:4      | Found a staircase to the Ecumenical Temple.
   304 | Temple   | Entered the Ecumenical Temple
   495 | D:4      | Noticed an iguana
   743 | D:3      | Reached XP level 2. HP: 21/21 MP: 2/2
   830 | D:3      | Found a large runed translucent door.
  1076 | D:1      | Reached XP level 3. HP: 26/26 MP: 3/3
  1270 | D:1      | Reached skill level 7 in Stealth
  2403 | D:3      | Found a sacrificial altar of Ru.
  2640 | D:3      | Reached XP level 4. HP: 31/31 MP: 4/4
  3427 | D:3      | Reached XP level 5. HP: 32/37 MP: 5/5
  3572 | D:3      | Found a large runed translucent door.
  3577 | D:3      | Noticed purpskrrrp's ghost (amateur GrFi)
  3982 | D:4      | Noticed a black bear
  4106 | D:4      | Killed a black bear
  4107 | D:4      | Reached XP level 6. HP: 14/43 MP: 6/6
  4473 | D:4      | Reached skill level 8 in Stealth
  4783 | D:4      | Found a shimmering blue altar of Sif Muna.
  5974 | D:5      | You fall into a shaft and drop 1 floor!
  6028 | D:6      | Reached XP level 7. HP: 36/49 MP: 7/7
  6164 | D:6      | Slain by an iguana

Illustrated notes

Levels and vault maps discovered:
D:1:      psy_arrival_spokes, layout_loops_ring, roderic_roman_lattice,
          chequers_serial_rivers_micro_e
D:2:      layout_loops_ring
D:3:      layout_loops_ring, nicolae_ru_awakened_eye,
          ebering_ghost_disaster_area, kennysheep_nub, st_stairs_8
D:4:      kennysheep_spiral_hall, layout_basic, mainiacjoe_overflow_24_doors,
          temple_hall
D:5:      layout_rooms, makhleb_heckhound_becter, nicolae_overflow_hidden_temple
D:6:      layout_loops_corners, kennysheep_mini_moat, minmay_joined_circles
Temple:   jpeg_temple_clearing

Skill      XL: |  1  2  3  4  5  6 |
---------------+-------------------+-----
Stealth        | 7 8 |  8.4
Axes           | 3 4 |  4.1
Dodging        | 3 4 |  4.0
Fighting       | 4 |  4.6

Action                   |  1- 3 |  4- 6 |  7- 9 || total
-------------------------+-------+-------+-------++-------
Melee: Hand axe          |    71 |   112 |     6 ||   189
       Constrict         |    18 |    31 |     1 ||    50
       Tentacles         |    15 |    28 |     1 ||    44
       Punch             |     1 |     2 |       ||     3
Evoke: Wand              |     1 |       |       ||     1
  Use: Scroll            |     1 |    12 |       ||    13
       Potion            |       |     1 |       ||     1
 Stab: Sleeping          |    23 |     7 |       ||    30
Armor: Skin              |    11 |     9 |       ||    20
Dodge: Dodged            |    32 |    95 |     2 ||   129
